 Dungeon Crawl Stone Soup version 0.31-a0-479-g91c9547826 (webtiles) character file.

Game seed: 7901624746173408333

23 bobsyouruncle the Conjurer (level 2, 0/20 HPs)
             Began as a Draconian Conjurer on Aug 7, 2023.
             Slain by an adder (3 damage)
             ... on level 2 of the Dungeon.
             The game lasted 00:08:37 (601 turns).

bobsyouruncle the Conjurer (Draconian Conjurer)      Turns: 601, Time: 00:08:38

Health: 0/20       AC:  8    Str: 15    XL:     2   Next: 72%
Magic:  5/5        EV: 12    Int: 18    God:
Gold:   3          SH:  0    Dex:  9    Spells: 4/5 levels left

rFire   . . .        d - +0 hand axe
rCold   . . .        (no shield)
rNeg    . . .        (body armour unavailable)
rPois   .            (helmet restricted)
rElec   .            (no cloak)
rCorr   .            (no gloves)
SInv    .            (no boots)
Will    .....        (no amulet)
Stlth   ++           g - +4 ring of protection
HPRegen 0.23/turn    h - +6 ring of strength
MPRegen 0.09/turn

%: no passive effects
@: no status effects
A: AC +4, unfitting armour, cold-blooded
a: no special abilities


You were on level 2 of the Dungeon.
You visited 1 branch of the dungeon, and saw 2 of its levels.

You collected 3 gold pieces.

Inventory:

Hand Weapons
 d - a +0 hand axe (weapon)
Armour
 b - a +0 ring mail
Jewellery
 g - a +4 ring of protection (left hand)
 h - a +6 ring of strength (right hand)
Scrolls
 e - a scroll of fog {unknown}
Potions
 c - a potion of berserk rage {unknown}
 f - a potion of heal wounds {unknown}


   Skills:
 + Level 1.7 Dodging
 + Level 1.7 Stealth
 + Level 2.2 Spellcasting
 + Level 4.7 Conjurations


You had 4 spell levels left.
You knew the following spells:

 Your Spells              Type           Power      Damage    Failure   Level
a - Magic Dart            Conj           72%        1d6       2%          1

Your spell library contained the following spells:

 Spells                   Type           Power      Damage    Failure   Level
 Searing Ray              Conj           36%        2d5       3%          2
 Dazzling Flash           Conj/Hex       20%        N/A       21%         3
 Fulminant Prism          Conj/Hex       5%         3d7       56%         4
 Iskenderun's Mystic Bla  Conj/Tloc      10%        2d4       56%         4


Dungeon Overview and Level Annotations

Branches:
Dungeon (2/15)

Altars:


Innate Abilities, Weirdness & Mutations

Your plain brown scales are hard. (AC +4)
You cannot fit into any form of body armour.
You are cold-blooded and may be slowed by cold attacks.


Message History

A gnoll comes into view. It is wielding a +0 halberd.
The magic dart hits the gnoll but does no damage.
The gnoll is almost dead.
You miscast Magic Dart.
Nothing appears to happen.
d - a +0 hand axe (weapon)
Okay, then.
You closely miss the gnoll.
Your tail-slap misses the gnoll.
The gnoll is almost dead.
The gnoll closely misses you.
A gnoll comes into view. It is wielding a +0 spear.
The gnoll shouts!
You hit the gnoll.
You kill the gnoll!
The gnoll hits you from afar with a +0 halberd.
An adder comes into view.
You barely miss the adder. The adder bites you. The gnoll barely misses you.
The adder bites you but does no damage.
You miss the adder. The adder closely misses you.
The gnoll hits you from afar with a +0 halberd!
Ouch! That really hurt!
* * * LOW HITPOINT WARNING * * *
The adder barely misses you. Magic courses through your body.
The gnoll barely misses you. The adder closely misses you.
Your magical contamination has completely faded away.
You closely miss the adder. The adder bites you.
* * * LOW HITPOINT WARNING * * *
The gnoll hits you from afar with a +0 halberd.
* * * LOW HITPOINT WARNING * * *
The adder bites you but does no damage. The gnoll closely misses you.
The adder bites you but does no damage. The adder bites you but does no damage.
The adder attacks as you move away!
The adder bites you but does no damage. x2
The adder bites you.
* * * LOW HITPOINT WARNING * * *
The adder attacks as you move away! The adder closely misses you.
The adder misses you. The adder attacks as you move away!
The adder bites you but does no damage. The adder attacks as you move away!
The adder bites you.
You die...

## .. .# #.# ...
)##################.####
.............ggS@.......
.#####......#######.####
.# #.......... .#
#######.### .# .# .# .#
.# .# .# .# ##


You could see 2 gnolls and an adder.

Vanquished Creatures
  A gnoll (D:2)
  A dart slug (D:2)
  2 bats (D:1)
  An endoplasm (D:1)
  A giant cockroach (D:2)
  A goblin (D:1)
  4 ball pythons
11 creatures vanquished.

Notes
Turn   | Place    | Note
-------+----------+-------------------------------------------
     0 | D:1      | bobsyouruncle the Draconian Conjurer began the quest for
                  | the Orb.
     0 | D:1      | Reached XP level 1. HP: 14/14 MP: 3/3
   344 | D:1      | Reached XP level 2. HP: 20/20 MP: 1/5
   358 | D:1      | You fall into a shaft and drop 1 floor!
   589 | D:2      | HP: 1/20 [gnoll/+0 halberd (3)]
   601 | D:2      | Slain by an adder

Illustrated notes

Levels and vault maps discovered:
D:1:      onia_arrival_pyramid, layout_loops_corners,
          nicolae_figureground_sparkle
D:2:      layout_basic, corexii_shack

Action                     || total
---------------------------++-------
  Melee: Hand axe          ||     5
  Throw: Stone             ||     4
   Cast: Magic Dart        ||    19
    Use: Potion            ||     1
 Armour: Skin              ||    10
  Dodge: Dodged            ||    15

Table legend: (Time is in decaauts)
 A = Elapsed time spent in this place.
 B = Non-inter-level travel time spent in this place.
 C = Inter-level travel time spent in this place.
 D = Time resting spent in this place.
 E = Time spent auto-exploring this place.
 F = Levels seen in this place.
 G = Mean time per level.
                   A        B        C        D        E       F      G
               +--------+--------+--------+--------+--------+-----+--------+
         Total |    601 |    400 |    201 |      0 |    313 |   2 |  300.5 |
       Dungeon |    601 |    400 |    201 |      0 |    313 |   2 |  300.5 |
               +--------+--------+--------+--------+--------+-----+--------+

Top non-repeatable levels by time:
     D:1: 358 daAuts
     D:2: 242 daAuts
